 Dungeon Crawl Stone Soup version 0.22.1-1-ga44c0e5 (webtiles) character file.

86 roasted the Cudgeler (level 4, 0/45 HPs)
             Began as a Troll Berserker on Oct 6, 2018.
             Was a Believer of Trog.
             Slain by an ogre
             ... wielding a +0 giant club
              (15 damage)
             ... on level 2 of the Dungeon.
             The game lasted 00:11:26 (1336 turns).

roasted the Cudgeler (Troll Berserker)              Turns: 1336, Time: 00:11:27

Health: 0/45       AC:  5    Str: 26    XL:     4   Next: 26%
Magic:  3/3        EV: 10    Int:  3    God:    Trog [**....]
Gold:   59         SH:  0    Dex:  9    Spells: 3/3 levels left

rFire    . . .     SeeInvis .   a - +1 mace
rCold    . . .     Gourm    +   (no shield)
rNeg     . . .     Faith    .   b - +0 animal skin
rPois    .         Spirit   .   (helmet restricted)
rElec    .         Reflect  .   (no cloak)
rCorr    .         Harm     .   (gloves unavailable)
MR       .....                  (boots unavailable)
Stlth    +.........             (no amulet)
HPRegen  0.55/turn              (no ring)
MPRegen  0.08/turn              (no ring)

@: about to teleport
A: large, unfitting armour, claws 3, fast metabolism 3, gourmand, regeneration
1, shaggy fur 1, tough skin 2
a: Berserk, Trog's Hand, Renounce Religion


You were on level 2 of the Dungeon.
You worshipped Trog.
Trog was pleased with you.
You were very full.

You visited 1 branch of the dungeon, and saw 2 of its levels.

You collected 59 gold pieces.

Inventory:

Hand Weapons
 a - a +1 mace (weapon)
Armour
 b - a +0 animal skin (worn)
Jewellery
 l - an uncursed ring of wizardry
Scrolls
 e - 2 scrolls of remove curse
 h - a scroll of teleportation
Potions
 d - a potion of invisibility
 f - a potion of degeneration {unknown}
 g - a potion of mutation {unknown}
 i - a potion of might {unknown}
 j - a potion of agility
 k - 2 potions of cancellation {unknown}
Comestibles
 c - 6 rations
 m - a chunk of flesh


   Skills:
 + Level 3.0 Fighting
 + Level 3.7 Maces & Flails
 + Level 3.0 Dodging
 + Level 0.1 Stealth


You had 3 spell levels left.
You didn't know any spells.
Your spell library was empty.

Dungeon Overview and Level Annotations

Branches:
Dungeon (2/15)

Altars:
Zin


Innate Abilities, Weirdness & Mutations

You are too large for most types of armour.
You have claws for hands.
Your metabolism is lightning-fast.
You like to eat raw meat.
Your natural rate of healing is unusually fast.
You are covered in fur. (AC +1)
You have very tough skin. (AC +2)


Message History

The adder hisses angrily.
Found a stone staircase leading up.
You closely miss the adder. The adder misses you.
You miss the adder. The adder barely misses you. The adder bites you.
You sock the adder!
You kill the adder!
Trog accepts your kill.
Your Fighting skill increases to level 3!
You see here an adder corpse.
Found a triangular beryl amulet.
An ogre comes into view. It is wielding a giant club.
The ogre shouts!
Found a dagger.
You hit the ogre.
The ogre is lightly wounded.
The ogre hits you with a giant club!!
Ouch! That really hurt!
As you read the scroll of teleportation, it crumbles to dust.
You feel strangely unstable. The ogre hits you with a giant club!
You die...

###.### #...###.#
###.######.......#
###...........######
..............#
.......#..##.########
##........##........###
#.....#.###...#.......
##....#.###†....##.#...
###.)...........@O..".#
.<....#######.......#...
####...# #.......# #...#
#...<...# #..(#
###....... #...#
#..##.### #...# .... .#
####...#####. #.). #.
....(........


You could see an ogre.

Vanquished Creatures
  3 adders (D:2)
  3 worms (D:2)
  2 dart slugs (D:1)
  2 bats (D:1)
  3 giant cockroaches (D:1)
  5 goblins
  7 hobgoblins
  4 jackals (D:1)
  A ball python (D:2)
  5 frilled lizards
  2 kobolds
  9 rats
46 creatures vanquished.

Notes
Turn   | Place    | Note
-------+----------+-------------------------------------------
     0 | D:1      | roasted the Troll Berserker began the quest for the Orb.
     0 | D:1      | Reached XP level 1. HP: 22/22 MP: 0/0
    75 | D:1      | Reached XP level 2. HP: 16/29 MP: 1/1
   602 | D:1      | Reached XP level 3. HP: 36/36 MP: 2/2
   715 | D:1      | Reached ** piety under Trog
   925 | D:2      | Found a glowing silver altar of Zin.
  1234 | D:2      | Reached XP level 4. HP: 37/44 MP: 3/3
  1332 | D:2      | Noticed an ogre
  1336 | D:2      | Slain by an ogre

Skill      XL: |  1  2  3  4 |
---------------+-------------+-----
Maces & Flails | 3 |  3.7
Dodging        | 3 |  3.0
Fighting       | 3 |  3.0
Stealth        | |  0.1

Action                   |  1- 3 |  4- 6 || total
-------------------------+-------+-------++-------
Melee: Mace              |   157 |     4 ||   161
  Use: Scroll            |     9 |     1 ||    10
 Stab: Sleeping          |     1 |       ||     1
  Eat: Chunk             |    15 |     2 ||    17
Armor: Animal skin       |    62 |       ||    62
Dodge: Dodged            |    91 |     2 ||    93
